 Dungeon Crawl Stone Soup version 0.15.1-4-gac8487e (webtiles) character file.

1944 Psiweapon the Basher (level 8, -1/58 HPs)
             Began as a Mummy Fighter on Oct 14, 2014.
             Slain by a shadow imp (3 damage)
             ... on Level 6 of the Dungeon.
             The game lasted 00:19:57 (6242 turns).

Psiweapon the Basher (Mummy Fighter)                Turns: 6242, Time: 00:19:58

HP  -1/58        AC  7     Str 20      XL: 8   Next: 98%
MP  11/11        EV  7     Int  8      God:
Gold 341         SH  8     Dex 11      Spells:  0 memorised,  7 levels left

rFire  x . .     SeeInvis .     a - +0 morningstar
rCold  + . .     Clarity  .     m - +1 ring mail {MR+}
rNeg   + + +     rCorr    .     c - +0 shield
rPois  +         rRot     +     (no helmet)
rElec  .         Spirit   .     d - +0 cloak
SustAb .         Warding  .     (no gloves)
rMut   .         Stasis   .     (no boots)
Gourm  .                        (no amulet)
MR     +++..                    (no ring)
                                e - ring of protection from magic

@: extremely resistant to hostile enchantments, very unstealthy
A: no food or potions, fire vulnerability, restore body, cold resistance 1,
negative energy resistance 3, poison resistance, torment resistance, unbreathing
a: no special abilities


You were on level 6 of the Dungeon.
You were not hungry.

You visited 1 branch of the dungeon, and saw 6 of its levels.

You collected 341 gold pieces.

Inventory:

Hand weapons
 a - a +0 morningstar (weapon)
 j - a +4 dagger
 t - a +1 trident of protection
Missiles
 h - 69 stones (quivered)
 q - 12 silver sling bullets
 x - 2 tomahawks
Armour
 c - a +0 shield (worn)
 d - a +0 cloak (worn)
 m - a +1 ring mail of magic resistance (worn)
 v - a +0 scale mail
Magical devices
 o - a wand of random effects (8)
 p - a wand of teleportation (3)
 r - a wand of confusion (9)
Scrolls
 f - 2 scrolls of amnesia {unknown}
 g - 2 scrolls of magic mapping
 i - 7 scrolls of teleportation {unknown}
 k - 7 scrolls of identify {unknown}
 l - 2 scrolls of remove curse
 s - a scroll of recharging {unknown}
 u - a scroll of noise {unknown}
 w - a scroll of enchant armour {unknown}
Jewellery
 e - a ring of protection from magic (left hand)
Rods
 b - a +0 rod of destruction (6/14)
   (You found it on level 2 of the Dungeon)


   Skills:
 - Level 3.0 Fighting
 + Level 9.1 Maces & Flails
 - Level 2.6 Polearms
 - Level 2.4 Armour
 - Level 2.4 Shields
 + Level 2.6 Evocations


You had 7 spell levels left.
You didn't know any spells.

Dungeon Overview and Level Annotations

Branches:
Dungeon (6/15)
 Temple: D:4-7

Altars:
Dithmenos
Sif Muna
Beogh


Innate Abilities, Weirdness & Mutations

You do not eat or drink.
Your flesh is vulnerable to fire.
Your flesh is cold resistant.
You are immune to negative energy.
Your system is resistant to poisons.
You are immune to unholy pain and torment.
You can survive without breathing.


Message History

* * * LOW HITPOINT WARNING * * *
Read which item? (? for menu, Esc to quit)
As you read the scroll labeled VOTRUF MNORPH, it crumbles to dust.
You feel blessed for a moment.
It was a scroll of remove curse.
You block the orc priest's attack. You block the orc's attack.
The orc completely misses you. Something hits you but does no damage.
The orc hits you with a runed mace.
* * * LOW HITPOINT WARNING * * *
Read which item? (? for menu, Esc to quit)
As you read the scroll labeled SUEMA DECOSAYHI, it crumbles to dust.
You assume a fearsome visage.
The orc looks frightened!
The shadow imp is unaffected.
The orc looks frightened!
The orc looks frightened!
The orc priest looks frightened!
It was a scroll of fear.
A giant frog comes into view.
You puncture the shadow imp!
The shadow imp is severely wounded.
The shadow imp laughs crazily.
The shadow imp hits you.
You die...

*******,**,**,***,,...,* *,
>,,,* *,,,,,,..,,,,..#** *,
***,******,**#.****#.# **
,,,,,,,,,,.*##.*####.#**********
*,,,*****...#..##..<.#,,,,,,,,,*
***,* *,,......#.##.#,*******,**
,,,,* *,,,,#...#.##.#,* *,,,,,
***** *...##.....oF.#.# **,*,**
*..<..o..@5.o...# *,,,,**
*..##[.#.####.### *,,,,**
*,...,...***#[#** *,,,***
*,.,..o##**,...,*****,****
***##.#****,....**,,,,,,,,
*,!..,,,**,....**,**,**,*
*,*#,*,,**,....#*,**,**,*
*,**,*,,**,,.,,**,**,**,*
*,*,,*,,*********,**,**,*


You could see a giant frog, an orc priest (fleeing), a shadow imp and 3 orcs.

Vanquished Creatures
  Grinder (D:3)
  A black bear (D:3)
  3 ice beasts (D:5)
  An orc warrior (D:6)
  A centaur (D:5)
  3 ogres (D:4)
  Sigmund (D:3)
  The ghost of Wutend the Poker, an average NaFi (D:3)
  6 scorpions
  A giant frog zombie (D:5)
  2 crimson imps (D:5)
  A hound (D:5)
  2 orc priests (D:4)
  A jelly (D:5)
  A worker ant (D:4)
  An iguana (D:5)
  An orc wizard (D:5)
  A hound skeleton (D:5)
  An adder (D:2)
  A shadow imp (D:5)
  3 giant mites
  A goliath beetle zombie (D:5)
  3 worms
  8 orcs
  16 bats
  7 giant cockroaches
  10 hobgoblins
  10 jackals
  17 kobolds
  3 giant geckos
  A giant gecko skeleton (D:5)
  5 giant newts
  12 goblins
  A goblin skeleton (D:5)
  A kobold zombie (D:5)
  A quokka (D:4)
  12 rats
142 creatures vanquished.

Notes
Turn   | Place    | Note
--------------------------------------------------------------
     0 | D:1      | Psiweapon, the Mummy Fighter, began the quest for the Orb.
     0 | D:1      | Reached XP level 1. HP: 18/18 MP: 1/1
   251 | D:1      | Reached XP level 2. HP: 22/24 MP: 2/2
   745 | D:1      | Reached XP level 3. HP: 29/29 MP: 3/3
  1335 | D:2      | Found a deep blue altar of Sif Muna.
  1397 | D:2      | Reached XP level 4. HP: 28/35 MP: 4/4
  1469 | D:2      | Identified a +0 rod of destruction (14/14) (You found it on level 2 of the Dungeon)
  1877 | D:3      | Noticed Grinder
  1902 | D:3      | Killed Grinder
  1902 | D:3      | Reached skill level 5 in Maces & Flails
  1902 | D:3      | Reached XP level 5. HP: 30/41 MP: 5/5
  1902 | D:3      | Reached XP level 6. HP: 34/47 MP: 6/6
  2038 | D:3      | Noticed Sigmund
  2044 | D:3      | Killed Sigmund
  2252 | D:3      | Noticed a black bear
  2257 | D:3      | Killed a black bear
  2257 | D:3      | Reached skill level 6 in Maces & Flails
  2346 | D:3      | Noticed Wutend's ghost (average NaFi)
  2362 | D:3      | Killed Wutend's ghost
  2362 | D:3      | Reached XP level 7. HP: 43/52 MP: 7/7
  3251 | D:4      | Reached skill level 1 in Polearms
  3977 | D:4      | Reached skill level 7 in Maces & Flails
  3986 | D:4      | Reached skill level 1 in Evocations
  3991 | D:4      | Found a roughly hewn altar of Beogh.
  4323 | D:5      | Entered Level 5 of the Dungeon
  4326 | D:5      | Reached XP level 8. HP: 58/58 MP: 9/9
  4648 | D:5      | Found a shadowy altar of Dithmenos.
  4784 | D:5      | Reached skill level 8 in Maces & Flails
  6064 | D:5      | Reached skill level 9 in Maces & Flails
  6240 | D:6      | HP: 2/58 [orc/runed mace (6)]
  6242 | D:6      | Slain by a shadow imp

Action                   |  1- 3 |  4- 6 |  7- 9 || total
-------------------------+-------+-------+-------++-------
Melee: Flail             |   156 |    40 |    50 ||   246
       Trident           |       |       |    21 ||    21
       Morningstar       |       |       |   203 ||   203
Throw: Stone             |    11 |     2 |     3 ||    16
Evoke: Rod               |       |     8 |    15 ||    23
       Wand              |       |     7 |     2 ||     9
  Use: Scroll            |       |       |     3 ||     3
